 Dungeon Crawl Stone Soup version 0.31-a0-221-gbddc013574 (webtiles) character file.

Game seed: 13771769786147083817

32 senseless the Shooter (level 3, -3/28 HPs)
             Began as a Demonspawn Hunter on July 4, 2023.
             Slain by Terence
             ... wielding a +0 flail
              (10 damage)
             ... on level 2 of the Dungeon.
             The game lasted 00:01:24 (910 turns).

senseless the Shooter (Demonspawn Hunter)            Turns: 910, Time: 00:01:24

Health: -3/28      AC:  3    Str: 11    XL:     3   Next: 10%
Magic:  3/3        EV: 12    Int: 10    God:
Gold:   96         SH:  0    Dex: 18    Spells: 2/2 levels left

rFire   . . .        g - +1 dagger (venom)
rCold   . . .        (no shield)
rNeg    . . .        c - +0 leather armour
rPois   .            (no helmet)
rElec   .            (no cloak)
rCorr   .            (no gloves)
SInv    .            (no boots)
Will    .....        (no amulet)
Stlth   ++           (no ring)
HPRegen 0.24/turn    (no ring)
MPRegen 0.08/turn

%: no passive effects
@: no status effects
A: claws 1, sturdy frame 1
a: no special abilities


You were on level 2 of the Dungeon.
You visited 1 branch of the dungeon, and saw 2 of its levels.

You collected 96 gold pieces.

Inventory:

Hand Weapons
 a - a +0 shortbow
 g - a +1 dagger of venom (weapon)
Armour
 c - a +0 leather armour (worn)
Scrolls
 b - a scroll of butterflies
 i - a scroll of identify {unknown}
 k - a scroll of blinking {unknown}
 l - a scroll of immolation {unknown}
Potions
 d - a potion of invisibility {unknown}
 e - a potion of mutation {unknown}
 f - 3 potions of curing {unknown}
 h - a potion of attraction {unknown}
 j - 2 potions of resistance {unknown}


   Skills:
 + Level 2.7 Fighting
 + Level 3.9 Ranged Weapons
 + Level 2.3 Dodging
 - Level 0.8 Stealth


You had 2 spell levels left.
You didn't know any spells.
Your spell library was empty.

Dungeon Overview and Level Annotations

Branches:
Dungeon (2/15)

Altars:

Annotations:
D:2 Terence


Innate Abilities, Weirdness & Mutations

You have sharp fingernails.
Your movements are slightly less encumbered by armour. (ER -2)


Message History

You see here a scroll labelled XIODUSEUCH.
You shoot an arrow. The arrow hits the endoplasm.
The endoplasm is lightly wounded.
You shoot an arrow.
The arrow hits the endoplasm but does no damage.
The endoplasm is lightly wounded.
You shoot an arrow. The arrow hits the endoplasm.
You kill the endoplasm!
No target in view!
k - a scroll labelled XIODUSEUCH
f - 2 metallic inky potions (gained 1)
l - a scroll labelled FYNKYTY SAOX You see here a +0 club.
f - 3 metallic inky potions (gained 1)
Found a rapier.
Found a stone staircase leading down.
Found 8 stones.
You see here a +0 rapier.
You see here 8 stones.
Terence the Incautious comes into view.
He is wielding a +0 flail.
You shoot an arrow. The arrow hits Terence.
Terence shouts!
Terence is moderately wounded.
You shoot an arrow. The arrow hits Terence.
Terence is heavily wounded.
You shoot an arrow. The arrow closely misses Terence.
Terence hits you with a +0 flail!
You shoot an arrow. The arrow barely misses Terence.
Terence says, "How do you enjoy it?" Terence hits you with a +0 flail.
You are too injured to fight recklessly!
You are too injured to fight recklessly!
Your +1 dagger of venom begins to drip with poison!
g - a +1 dagger of venom (weapon)
Terence hits you with a +0 flail.
* * * LOW HITPOINT WARNING * * *
You hit Terence.
Terence is poisoned.
Terence is heavily wounded.
Terence hits you with a +0 flail!
You die...

#.###.# #.#...## ####
#...<..###.....###
#..........#.. >.#
#......#####.#.#.#
###..<## #.#.#.###
#.### #.#....)# #.#
#@###.#.# ### ##.##
#.@.(.#.#
...##...#############.#
#.....#.#.....# #.#
#.......#.....# ###.#
#..#..........# #...#
#....###......# #.###
#...####......# #.#
......##.###### #.#
###.#.##.### #.#


You could see Terence (very poisoned).

Vanquished Creatures
  A dart slug (D:1)
  3 endoplasms
  6 giant cockroaches (D:1)
  2 goblins (D:1)
  2 hobgoblins (D:1)
  2 jackals (D:1)
  A quokka (D:1)
  4 ball pythons (D:1)
  3 kobolds (D:1)
  A rat (D:1)
25 creatures vanquished.

Notes
Turn   | Place    | Note
-------+----------+-------------------------------------------
     0 | D:1      | senseless the Demonspawn Hunter began the quest for the
                  | Orb.
     0 | D:1      | Reached XP level 1. HP: 16/16 MP: 1/1
   212 | D:1      | Gained mutation: Your movements are slightly less
                  | encumbered by armour. (ER -2) [demonic ancestry]
   212 | D:1      | Reached XP level 2. HP: 21/22 MP: 2/2
   642 | D:1      | Gained mutation: You have sharp fingernails. [demonic
                  | ancestry]
   642 | D:1      | Reached XP level 3. HP: 28/28 MP: 3/3
   904 | D:2      | Noticed Terence
   910 | D:2      | Slain by Terence

Illustrated notes

Levels and vault maps discovered:
D:1:      ncdulo_lavacross, layout_loops_ring, minmay_misc_feat_ornament
D:2:      layout_loops_cross, uniq_terence

Skill      XL: |  1 |
---------------+----+-----
Dodging        | 2 |  2.3
Fighting       | |  2.7
Ranged Weapons | |  3.9
Stealth        | |  0.8

Action                     || total
---------------------------++-------
  Melee: Dagger            ||     1
   Fire: Shortbow          ||    72
 Armour: Leather armour    ||    13
  Dodge: Dodged            ||    21

Table legend: (Time is in decaauts)
 A = Elapsed time spent in this place.
 B = Non-inter-level travel time spent in this place.
 C = Inter-level travel time spent in this place.
 D = Time resting spent in this place.
 E = Time spent auto-exploring this place.
 F = Levels seen in this place.
 G = Mean time per level.
                   A        B        C        D        E       F      G
               +--------+--------+--------+--------+--------+-----+--------+
         Total |    926 |    920 |      6 |      0 |    786 |   2 |  463.0 |
       Dungeon |    926 |    920 |      6 |      0 |    786 |   2 |  463.0 |
               +--------+--------+--------+--------+--------+-----+--------+

Top non-repeatable levels by time:
     D:1: 837 daAuts
     D:2: 89 daAuts
